AoeStats
← BottleDry

African Clearing

506306961Analyzed
4v4 RM · 20d ago on Sep 13, 2026· 55m 56s· 8 players
Game mode
Random Map
Map size
Large (8 player)
Population
200
Speed
Normal
Resources
Standard
Victory
Conquest
Starting age
Dark Age
Ending age
Imperial Age
RankedLock teamsTeams togetherTeam positionsShared explorationLock speedFull tech treeHidden civsTurbo modeCheats
Victory
Defeat
🇮🇩 Mongols · Indonesia
1044
+14
🇲🇽 Aztecs · Mexico
1033
+14
🇦🇷 Ethiopians · Argentina
985
+16
🇨🇳 Koreans · China
985
+16
🇺🇸 Malians · United States
1071
-18
🇨🇴 Italians · Colombia
1012
-16
🇮🇳 Huns · India
962
-14
🇺🇸 Spanish · United States
916
-12
MikeMeanMachine
6:29 Loom
12:55 Feudal Age
16:20 Double-Bit Axe
20:03 Castle Age
19:50 Wheelbarrow
20:40 Crossbowman
25:39 Thumb Ring
28:35 Ballistics
29:03 Horse Collar
29:21 Fletching
35:00 Imperial Age
34:08 Bow Saw
33:52 Elite Skirmisher
34:29 Treadmill Crane
36:03 Conscription
35:57 Bodkin Arrow
37:26 Chemistry
36:47 Heavy Plow
38:48 Pirotechnia
39:36 Padded Archer Armor
42:51 Pikeman
43:32 Squires
43:18 Arson
43:53 Leather Archer Armor
53:34 Bracer
55:23 Murder Holes
DreamMurders
4:08 Loom
15:10 Feudal Age
22:23 Castle Age
21:12 Double-Bit Axe
25:34 Forging
25:26 Scale Mail Armor
25:44 Horse Collar
27:34 Bow Saw
31:14 Wheelbarrow
31:11 Stone Mining
31:12 Gold Mining
31:44 Squires
33:35 Hand Cart
33:08 Town Watch
34:28 Gold Shaft Mining
40:10 Heavy Plow
41:31 Stone Shaft Mining
45:55 Imperial Age
53:19 Bloodlines
53:10 Husbandry
54:26 Crop Rotation
SharpShooTer
10:54 Loom
13:57 Feudal Age
19:14 Castle Age
18:35 Gold Mining
23:04 Horse Collar
24:26 Double-Bit Axe
31:08 Stone Mining
31:45 Bloodlines
34:11 Imperial Age
31:49 Heavy Plow
32:09 Bow Saw
33:18 Wheelbarrow
34:22 Ballistics
34:10 Elite Skirmisher
34:56 Thumb Ring
35:04 Padded Archer Armor
34:54 Fletching
37:12 Chemistry
37:28 Bodkin Arrow
37:48 Leather Archer Armor
38:38 Two-Man Saw
39:09 Husbandry
39:31 Hand Cart
39:33 Marauders
39:56 Conscription
41:06 Bracer
43:50 Scale Barding Armor
43:56 Forging
45:53 Chain Barding Armor
46:08 Iron Casting
50:33 Cavalier
BottleDry
4:13 Loom
14:46 Feudal Age
16:12 Double-Bit Axe
20:59 Castle Age
21:27 Stone Mining
22:51 Bow Saw
22:23 Horse Collar
23:43 Heavy Plow
23:37 Gold Mining
29:41 Scale Mail Armor
29:44 Padded Archer Armor
30:40 Wheelbarrow
33:19 Leather Archer Armor
32:55 Fletching
35:00 Hand Cart
35:05 Gambesons
34:41 Man-at-Arms
35:41 Bodkin Arrow
35:24 Elite Skirmisher
42:47 Imperial Age
40:03 Town Watch
40:54 Ballistics
40:30 Murder Holes
43:15 Husbandry
43:32 Bloodlines
44:17 Ring Archer Armor
43:47 Bracer
44:14 Conscription
44:17 Supremacy
45:18 Chemistry
44:30 Fortified Wall
46:12 Guilds
45:31 Elite Conquistador
50:18 Forging
50:09 Scale Mail Armor
51:01 Cavalier
52:11 Cavalier
53:21 Scale Barding Armor
53:26 Forging
54:51 Chain Barding Armor
kiubi23cch
14:04 Feudal Age
14:47 Double-Bit Axe
21:54 Castle Age
20:03 Loom
21:54 Wheelbarrow
23:42 Bow Saw
28:06 Hand Cart
27:36 Eagle Warrior
28:23 Scale Mail Armor
28:34 Forging
29:53 Chain Mail Armor
29:32 Town Watch
31:18 Gold Mining
31:54 Fishing Lines
32:21 Horse Collar
37:36 Imperial Age
39:03 Conscription
38:42 Capped Ram
39:33 Siege Ram
40:32 Elite Eagle Warrior
42:51 Pikeman
44:20 Gillnets
45:01 Arson
45:42 Heavy Plow
48:00 Iron Casting
47:56 Plate Mail Armor
50:39 Elite Jaguar Warrior
51:40 Garland Wars
51:42 Town Patrol
55:45 Blast Furnace
Calamar100pre
15:14 Feudal Age
21:36 Castle Age
20:45 Fletching
20:52 Double-Bit Axe
22:17 Crossbowman
23:23 Horse Collar
30:22 Wheelbarrow
30:15 Forging
30:01 Bodkin Arrow
33:58 Iron Casting
33:24 Scale Mail Armor
41:15 Imperial Age
39:41 Chain Mail Armor
39:24 Bodkin Arrow
39:52 Gold Mining
40:50 Town Watch
42:14 Arbalester
43:01 Thumb Ring
45:59 Bracer
47:18 Gold Shaft Mining
49:29 Elite Shotel Warrior
53:16 Plate Mail Armor
52:47 Padded Archer Armor
坦诚哥
6:21 Loom
14:16 Feudal Age
12:41 Loom
18:45 Castle Age
17:00 Double-Bit Axe
18:03 Stone Mining
18:11 Gold Mining
19:58 Wheelbarrow
19:06 Horse Collar
19:33 Fletching
20:25 Town Watch
23:22 Bow Saw
24:53 Horse Collar
30:10 Stone Shaft Mining
29:39 Murder Holes
31:06 Bodkin Arrow
33:16 Hand Cart
33:15 Heavy Plow
36:06 Imperial Age
34:55 Masonry
35:12 Forging
35:02 Scale Mail Armor
35:12 Forging
35:02 Scale Mail Armor
36:03 Eupseong
37:04 Gold Shaft Mining
37:12 Stone Shaft Mining
36:49 Bracer
38:01 Two-Man Saw
39:12 Chemistry
38:40 Ballistics
39:33 Conscription
39:51 Iron Casting
39:31 Chain Mail Armor
39:51 Iron Casting
39:31 Chain Mail Armor
40:42 Thumb Ring
39:58 Elite Skirmisher
40:33 Arrowslits
42:47 Plate Mail Armor
41:47 Elite War Wagon
44:57 Architecture
44:32 Siege Engineers
44:10 Treadmill Crane
45:04 Architecture
44:40 Siege Engineers
45:06 Town Patrol
45:13 Scale Barding Armor
47:32 Shinkichon
49:10 Guilds
49:34 Caravan
52:12 Arson
51:48 Pikeman
52:28 Squires
52:13 Gambesons
52:33 Halberdier
OtongSlayer
4:18 Loom
14:26 Feudal Age
19:56 Castle Age
18:20 Double-Bit Axe
20:05 Fletching
20:17 Padded Archer Armor
20:54 Stone Mining
25:09 Gold Mining
26:44 Horse Collar
27:18 Bow Saw
30:09 Ballistics
31:10 Bloodlines
31:05 Husbandry
31:56 Wheelbarrow
31:38 Bodkin Arrow
34:14 Leather Archer Armor
34:44 Thumb Ring
39:24 Imperial Age
36:50 Light Cavalry
37:58 Scale Barding Armor
39:04 Forging
39:17 Chain Barding Armor
39:57 Gold Shaft Mining
40:41 Bracer
42:42 Chemistry
42:06 Conscription
42:43 Iron Casting
42:31 Nomads
42:46 Hussar
45:18 Blast Furnace
47:36 Parthian Tactics
46:59 Elite Mangudai
49:58 Capped Ram
50:44 Siege Engineers
51:20 Siege Ram
51:33 Siege Ram
53:49 Drill
Connection lost

Rejoining the realm…

Still unreachable

The connection could not be restored.

Session expired

The server has moved on; the page needs a fresh start.